Carnivores vs Monarchs
Created - February 27, 2021 at 19:10
Goals
|
| Carnivores |
1 |
0 |
1 |
2 |
| Monarchs |
3 |
2 |
0 |
5 |
|
Shots
|
| Carnivores |
10 |
9 |
15 |
34 |
| Monarchs |
12 |
14 |
6 |
32 |
|
1st period
1. Monarchs , JT Compher 23 (Jacob Josefson 3) at 3:38
2. Monarchs , Jordan Greenway 6 (Teemu Hartikainen 12, JT Compher 22) at 4:27
3. Monarchs , Curtis Lazar 8 (Markus Nutivaara 24, Christian Fischer 14) at 10:14
4. Carnivores , Travis Dermott 2 (T.J Brodie 24, Chris Lawrence 34) at 19:55 (PP)
Penalties :
Scott Laughton (Bre) for Hooking (Minor) at 10:27, Brett Connolly (Bre) for High sticking (Minor) at 15:25, Jacob Larsson (MAN) for Boarding (Minor) at 19:32
2nd period
5. Monarchs , Nicholas Baptiste 11 (Jacob Josefson 4, JT Compher 23) at 0:08
6. Monarchs , Daultan Leveillé 24 (Mikko Rantanen 24) at 5:22 (PP)
Penalties :
Nicolas Kerdiles (Bre) for Slashing (Minor) at 4:09, Daultan Leveillé (MAN) for Tripping (Minor) at 11:32, Markus Granlund (Bre) for Holding (Minor) at 12:59
3rd period
7. Carnivores , Joel Armia 17 (Nicolas Kerdiles 43, Travis Dermott 19) at 1:05
Penalties :
Blake Geoffrion (Bre) for Holding (Minor) at 12:11, Daultan Leveillé (MAN) for Hooking (Minor) at 19:24, Mat Clark (Bre) for Hooking (Minor) at 19:55
Goalie Stats
Niklas Svedberg (Bre), 9 saves from 13 shots - (0.692), L, 22-6-2, 20:08 minutes
Tristan Jarry (Bre), 18 saves from 19 shots - (0.947), 39:52 minutes
Alexandar Georgiev (MAN), 32 saves from 34 shots - (0.941), W, 14-14-5, 60:00 minutes
Players Stats for Carnivores
Player Name G A P +/- PIM S H SB GA TA FO MP PP MP PK MP
------------------------------------------------------------------------------------
Andreas Englund 0 0 0 -1 0 0 1 1 0 0 0/0 14:48 0:00 3:27
Anton Gustafsson 0 0 0 -1 0 4 0 1 0 0 7/14 14:29 0:00 4:40
Blake Geoffrion 0 0 0 0 2 2 1 1 0 0 2/3 14:19 0:52 0:00
Brett Connolly 0 0 0 0 2 0 0 0 0 0 1/1 7:26 0:00 0:00
Chris Lawrence 0 1 1 0 0 1 1 0 1 0 0/1 14:13 0:52 0:00
Christian Djoos 0 0 0 0 0 0 0 0 1 0 0/0 5:36 0:00 0:00
Freddie Hamilton 0 0 0 0 0 0 0 0 0 0 0/0 0:29 0:00 0:00
Hunter Shinkaruk 0 0 0 -1 0 0 1 0 2 0 0/0 9:52 0:00 0:15
Joel Armia 1 0 1 -2 0 2 1 0 0 0 0/0 18:49 1:29 0:00
Josh Morrissey 0 0 0 0 0 1 2 2 0 0 0/0 25:50 1:41 4:55
Lucas Wallmark 0 0 0 0 0 1 0 0 0 0 3/6 9:33 0:00 2:25
Mark McNeill 0 0 0 -1 0 2 2 0 1 0 0/0 11:27 0:00 1:55
Markus Granlund 0 0 0 0 2 0 0 0 0 0 7/10 15:01 0:51 0:23
Mat Clark 0 0 0 0 2 2 1 1 0 1 0/0 25:45 1:40 4:55
Mattias Backman 0 0 0 -1 0 0 0 0 0 0 0/0 9:41 0:00 0:00
Nicolas Deslauriers 0 0 0 0 0 4 2 2 0 0 0/0 11:28 0:00 3:39
Nicolas Kerdiles 0 1 1 -2 2 5 3 1 0 0 1/4 23:25 1:29 3:42
Scott Laughton 0 0 0 -2 2 6 2 0 1 1 18/27 20:11 1:29 0:15
T.J Brodie 0 1 1 -2 0 1 0 2 0 0 0/0 18:53 0:40 3:42
Travis Dermott 1 1 2 -2 0 3 0 2 0 0 0/0 13:50 0:40 0:15
Trevor Van Riemsdyk 0 0 0 0 0 0 0 0 0 1 0/0 5:36 0:00 0:00
Players Stats for Monarchs
Player Name G A P +/- PIM S H SB GA TA FO MP PP MP PK MP
------------------------------------------------------------------------------------
Alex Iafallo 0 0 0 0 0 2 1 0 1 0 0/0 18:03 3:30 0:00
Andy Andreoff 0 0 0 1 0 2 1 0 0 0 0/0 12:00 0:00 0:19
Benn Ferriero 0 0 0 0 0 0 0 0 0 0 2/5 2:02 0:00 2:02
Christian Fischer 0 1 1 1 0 2 1 0 0 0 0/0 16:41 4:58 0:00
Curtis Lazar 1 0 1 1 0 3 1 0 0 0 3/9 12:35 0:52 0:00
Daultan Leveillé 1 0 1 0 4 3 4 0 0 0 9/18 17:36 3:39 0:00
Jacob Josefson 0 2 2 1 0 1 1 0 0 0 5/13 13:49 0:00 0:00
Jacob Larsson 0 0 0 0 2 0 0 0 0 0 0/0 5:37 0:00 0:00
Jeff Petry 0 0 0 2 0 0 0 1 0 0 0/0 9:19 0:00 0:46
Jordan Greenway 1 0 1 1 0 1 1 0 0 0 0/1 8:41 0:00 0:00
Josh Anderson 0 0 0 1 0 0 1 0 0 1 0/0 8:41 0:00 0:00
Josh Manson 0 0 0 0 0 1 2 1 0 0 0/0 16:47 0:00 1:35
JT Compher 1 2 3 1 0 4 2 0 0 1 0/3 18:54 4:22 0:00
Markus Nutivaara 0 1 1 1 0 2 0 1 0 0 0/0 23:41 4:41 0:00
Matt Roy 0 0 0 0 0 0 0 0 0 0 0/0 6:32 0:54 0:00
Mikko Rantanen 0 1 1 0 0 6 1 0 1 1 5/10 19:24 4:58 0:00
Nicholas Baptiste 1 0 1 1 0 2 2 0 0 0 0/1 17:43 3:32 0:19
Noah Hanifin 0 0 0 2 0 0 0 0 0 1 0/0 11:55 3:19 0:00
Roman Josi 0 0 0 1 0 0 0 1 0 2 0/0 23:03 3:43 1:35
Teemu Hartikainen 0 1 1 1 0 2 1 0 0 0 3/6 10:52 0:00 2:02
Zach Werenski 0 0 0 0 0 1 0 1 1 0 0/0 23:05 4:37 0:46
3 Stars
1 - JT Compher (MAN)
2 - Nicholas Baptiste (MAN)
3 - Alexandar Georgiev (MAN)
Power Play
Carnivores - 1 on 3 Attempt(s) - 33.33%
Monarchs - 1 on 6 Attempt(s) - 16.67%
Penalty Kill
Carnivores - 5 on 6 Attempt(s) - 83.33%
- Score 0 goal in Penalty Kill
Monarchs - 2 on 3 Attempt(s) - 66.67%
- Score 0 goal in Penalty Kill
Team Stat
Carnivores - Hits : 17 - Faceoff Wins : 39 - Blocked Shots : 13 - Penalty Minutes : 12
Monarchs - Hits : 19 - Faceoff Wins : 27 - Blocked Shots : 5 - Penalty Minutes : 6
Official
Referees : Unknown
Linesman : Unknown
Game Notes
Tristan Jarry enters game at 0:08 of 2nd period
Finance
Level 1 -- Attendance: 1911 (95.55%) -- Ticket Income $47,775
Level 2 -- Attendance: 1000 (100.00%) -- Ticket Income $10,000
Total Attendance: 2911 (97.03%)
Total Ticket Income: $57,775
Other Income: $2,889
Total Income: $60,664
Carnivores
5 vs 5 Forward
Center Left Wing Right Wing Time % Phy DF OF
1 Scott Laughton Nicolas Kerdiles Joel Armia 40 1 2 2
2 Markus Granlund Blake Geoffrion Chris Lawrence 30 1 2 2
3 Anton Gustafsson Hunter Shinkaruk Mark McNeill 20 1 2 2
4 Lucas Wallmark Nicolas Deslauriers Brett Connolly 10 1 2 2
5 vs 5 Defense
Defense Defense Time % Phy DF OF
1 Mat Clark Josh Morrissey 40 1 2 2
2 T.J Brodie Travis Dermott 30 1 2 2
3 Andreas Englund Mattias Backman 20 1 2 2
4 Trevor Van Riemsdyk Christian Djoos 10 1 2 2
PowerPlay Forward
Center Left Wing Right Wing Time % Phy DF OF
1 Scott Laughton Nicolas Kerdiles Joel Armia 60 1 1 3
2 Markus Granlund Blake Geoffrion Chris Lawrence 40 1 1 3
PowerPlay Defense
Defense Defense Time % Phy DF OF
1 Mat Clark Josh Morrissey 60 1 1 3
2 T.J Brodie Travis Dermott 40 1 1 3
Penalty Kill 4 Players Forward
Center Wing Time % Phy DF OF
1 Anton Gustafsson Nicolas Kerdiles 60 1 2 2
2 Lucas Wallmark Nicolas Deslauriers 40 1 2 2
Penalty Kill 4 Players Defense
Defense Defense Time % Phy DF OF
1 Mat Clark Josh Morrissey 60 1 3 1
2 Andreas Englund T.J Brodie 40 1 3 1
Penalty Kill - 3 Players Forward
Forward Time % Phy DF OF
1 Anton Gustafsson 60 1 3 1
2 Mark McNeill 40 1 3 1
Penalty Kill - 3 Players Defense
Defense Defense Time % Phy DF OF
1 Mat Clark Josh Morrissey 60 1 3 1
2 Andreas Englund T.J Brodie 40 1 3 1
4 vs 4 Forward
Center Wing Time % Phy DF OF
1 Scott Laughton Nicolas Kerdiles 60 1 2 2
2 Markus Granlund Mark McNeill 40 1 2 2
4 vs 4 Defense
Defense Defense Time % Phy DF OF
1 Mat Clark Josh Morrissey 60 1 2 2
2 T.J Brodie Travis Dermott 40 1 2 2
Last Minutes Offensive
Center Left Wing Right Wing Defense Defense
Scott Laughton Nicolas Kerdiles Joel Armia Mat Clark Josh Morrissey
Last Minutes Defensive
Center Left Wing Right Wing Defense Defense
Markus Granlund Nicolas Kerdiles Mark McNeill Mat Clark Josh Morrissey
Goaltenders
Starting : Niklas Svedberg
Backup : Tristan Jarry
Extra Forwards
Normal : Freddie Hamilton, Markus Granlund, Mark McNeill - PP : Freddie Hamilton, Hunter Shinkaruk - PK : Mark McNeill
Extra Defensemen
Normal : Josh Morrissey, Travis Dermott, Mattias Backman - PP : Travis Dermott - PK : Mattias Backman, Trevor Van Riemsdyk
Penalty Shots
Nicolas Kerdiles, Blake Geoffrion, Markus Granlund, Scott Laughton, Joel Armia
Scratches
Ryan Olsen (Healthy), Adam Almquist (Healthy), Sergei Zborovskiy (Healthy), Filip Chlapik (Healthy), Stanislav Galiev (Healthy)
Mark MacMillan (Healthy), Carl Dahlstrom (Healthy), Troy Bourke (Healthy), Alexandre Mallet (Healthy), Riley Barber (Healthy)
Josh Wesley (Healthy), Linus Ullmark (Healthy), Felix Sanstrom (Healthy)
Monarchs
5 vs 5 Forward
Center Left Wing Right Wing Time % Phy DF OF
1 Daultan Leveillé Alex Iafallo Mikko Rantanen 30 0 2 2
2 Jacob Josefson JT Compher Nicholas Baptiste 30 1 2 2
3 Curtis Lazar Andy Andreoff Christian Fischer 25 1 2 2
4 Teemu Hartikainen Jordan Greenway Josh Anderson 15 1 2 2
5 vs 5 Defense
Defense Defense Time % Phy DF OF
1 Josh Manson Zach Werenski 35 0 3 2
2 Roman Josi Markus Nutivaara 35 1 2 2
3 Jeff Petry Noah Hanifin 20 1 2 2
4 Jacob Larsson Matt Roy 10 1 2 2
PowerPlay Forward
Center Left Wing Right Wing Time % Phy DF OF
1 Mikko Rantanen JT Compher Christian Fischer 60 1 2 2
2 Daultan Leveillé Alex Iafallo Nicholas Baptiste 40 1 2 2
PowerPlay Defense
Defense Defense Time % Phy DF OF
1 Markus Nutivaara Zach Werenski 60 0 2 3
2 Noah Hanifin Roman Josi 40 0 2 3
Penalty Kill 4 Players Forward
Center Wing Time % Phy DF OF
1 Benn Ferriero Teemu Hartikainen 60 1 2 2
2 Daultan Leveillé Andy Andreoff 40 1 2 2
Penalty Kill 4 Players Defense
Defense Defense Time % Phy DF OF
1 Roman Josi Josh Manson 60 1 2 2
2 Jeff Petry Zach Werenski 40 1 2 2
Penalty Kill - 3 Players Forward
Forward Time % Phy DF OF
1 Daultan Leveillé 60 1 2 2
2 Benn Ferriero 40 1 2 2
Penalty Kill - 3 Players Defense
Defense Defense Time % Phy DF OF
1 Josh Manson Roman Josi 60 1 2 2
2 Jeff Petry Zach Werenski 40 1 2 2
4 vs 4 Forward
Center Wing Time % Phy DF OF
1 Daultan Leveillé Alex Iafallo 60 1 2 2
2 Mikko Rantanen JT Compher 40 1 2 2
4 vs 4 Defense
Defense Defense Time % Phy DF OF
1 Roman Josi Zach Werenski 60 1 2 2
2 Josh Manson Markus Nutivaara 40 1 2 2
Last Minutes Offensive
Center Left Wing Right Wing Defense Defense
Daultan Leveillé Alex Iafallo Mikko Rantanen Markus Nutivaara Zach Werenski
Last Minutes Defensive
Center Left Wing Right Wing Defense Defense
Daultan Leveillé Teemu Hartikainen Benn Ferriero Roman Josi Josh Manson
Goaltenders
Starting : Alexandar Georgiev
Backup : Jake Allen
Extra Forwards
Normal : Alex Iafallo, JT Compher, Teemu Hartikainen - PP : Curtis Lazar, Teemu Hartikainen - PK : Nicholas Baptiste
Extra Defensemen
Normal : Zach Werenski, Josh Manson, Roman Josi - PP : Matt Roy - PK : Markus Nutivaara, Matt Roy
Penalty Shots
JT Compher, Mikko Rantanen, Andy Andreoff, Daultan Leveillé, Curtis Lazar
Scratches
Jordan Weal (Healthy), Kurtis Macdermid (Healthy), Dmitri Orlov (Healthy), Blake Lizotte (Healthy), Bokondji Imama (Healthy)
Derek Forbort (Healthy), Riley Armstrong (Healthy), Cal Petersen (Healthy)
% Time on Ice - Carnivores
Lines # - Real PCT - Wanted PCT - Time Play
Normal Forward
1 - 38% - 40% - 18:27
2 - 28% - 30% - 13:21
3 - 20% - 20% - 9:30
4 - 15% - 10% - 7:08
Normal Defense
1 - 39% - 40% - 18:44
2 - 30% - 30% - 14:25
3 - 20% - 20% - 9:41
4 - 12% - 10% - 5:36
PP Forward
1 - 63% - 60% - 1:29
2 - 37% - 40% - 0:52
PP Defense
1 - 72% - 60% - 1:41
2 - 28% - 40% - 0:40
PK Forward
1 - 72% - 60% - 6:12
2 - 28% - 40% - 2:25
PK Defense
1 - 57% - 60% - 4:55
2 - 43% - 40% - 3:42
PK3 Forward
1 - 0% - 60%
2 - 0% - 40%
PK3 Defense
1 - 0% - 60%
2 - 0% - 40%
44 Forward
1 - 100% - 60% - 0:36
2 - 0% - 40% - 0:00
44 Defense
1 - 83% - 60% - 0:30
2 - 17% - 40% - 0:06
Last Minute Offensive - 0:00
Last Minute Defensive - 0:00
Total
Forward - 60:00
Defense - 60:00
|
% Time on Ice - Monarchs
Lines # - Real PCT - Wanted PCT - Time Play
Normal Forward
1 - 29% - 30% - 14:12
2 - 29% - 30% - 13:52
3 - 24% - 25% - 11:41
4 - 18% - 15% - 8:41
Normal Defense
1 - 35% - 35% - 17:06
2 - 35% - 35% - 17:09
3 - 18% - 20% - 8:33
4 - 12% - 10% - 5:38
PP Forward
1 - 58% - 60% - 4:58
2 - 42% - 40% - 3:39
PP Defense
1 - 62% - 60% - 5:18
2 - 38% - 40% - 3:19
PK Forward
1 - 89% - 60% - 2:05
2 - 11% - 40% - 0:16
PK Defense
1 - 67% - 60% - 1:35
2 - 33% - 40% - 0:46
PK3 Forward
1 - 0% - 60%
2 - 0% - 40%
PK3 Defense
1 - 0% - 60%
2 - 0% - 40%
44 Forward
1 - 100% - 60% - 0:36
2 - 0% - 40% - 0:00
44 Defense
1 - 100% - 60% - 0:36
2 - 0% - 40% - 0:00
Last Minute Offensive - 0:00
Last Minute Defensive - 0:00
Total
Forward - 60:00
Defense - 60:00
|
Play-by-Play
1st period
0:01 of 1st period - Scott Laughton wins face-off versus Daultan Leveillé in neutral zone.
0:31 of 1st period - T.J Brodie is hit by Josh Manson and loses puck.
1:38 of 1st period - Wrist shot by Scott Laughton.
1:38 of 1st period - Stopped by Alexandar Georgiev with a rebound.
1:40 of 1st period - Slapshot by Andreas Englund.
1:40 of 1st period - Shot Misses the Net.
1:42 of 1st period - Slapshot by Nicolas Kerdiles.
1:42 of 1st period - Stopped by Alexandar Georgiev with a rebound.
3:14 of 1st period - Wrist shot by Andy Andreoff.
3:14 of 1st period - Shot Misses the Net.
3:26 of 1st period - Wrist shot by Curtis Lazar.
3:26 of 1st period - Stopped by Niklas Svedberg without a rebound.
3:27 of 1st period - Jacob Josefson wins face-off versus Nicolas Kerdiles in Carnivores zone.
3:30 of 1st period - Wrist shot by JT Compher.
3:30 of 1st period - Deflect By Travis Dermott.
3:30 of 1st period - Shot Blocked by T.J Brodie.
3:30 of 1st period - Puck is out of play.
3:31 of 1st period - Jacob Josefson wins face-off versus Nicolas Kerdiles in Carnivores zone.
3:38 of 1st period - Backhand shot by JT Compher.
3:38 of 1st period - Goal by JT Compher - Carnivores : 0 - Monarchs : 1.
3:39 of 1st period - Daultan Leveillé wins face-off versus Nicolas Kerdiles in neutral zone.
4:27 of 1st period - Snap shot by Jordan Greenway.
4:27 of 1st period - Goal by Jordan Greenway - Carnivores : 0 - Monarchs : 2.
4:28 of 1st period - Scott Laughton wins face-off versus Daultan Leveillé in neutral zone.
4:35 of 1st period - Daultan Leveillé is hit by Scott Laughton and loses puck.
5:27 of 1st period - Wrist shot by Anton Gustafsson.
5:27 of 1st period - Stopped by Alexandar Georgiev with a rebound.
5:51 of 1st period - Snap shot by Nicolas Kerdiles.
5:51 of 1st period - Stopped by Alexandar Georgiev with a rebound.
5:55 of 1st period - Snap shot by Scott Laughton.
5:55 of 1st period - Stopped by Alexandar Georgiev with a rebound.
6:09 of 1st period - T.J Brodie is hit by Mikko Rantanen and loses puck.
7:08 of 1st period - Mark McNeill is hit by Daultan Leveillé and loses puck.
7:39 of 1st period - Wrist shot by Brett Connolly.
7:39 of 1st period - Shot Misses the Net.
7:51 of 1st period - Markus Granlund is hit by Jacob Josefson and loses puck.
8:12 of 1st period - Teemu Hartikainen is hit by Nicolas Kerdiles and loses puck.
8:57 of 1st period - Off-side.
8:58 of 1st period - Markus Granlund wins face-off versus Curtis Lazar in neutral zone.
9:25 of 1st period - Roman Josi is hit by Mat Clark and loses puck.
9:48 of 1st period - Icing by Roman Josi.
9:49 of 1st period - Scott Laughton wins face-off versus Curtis Lazar in Monarchs zone.
10:10 of 1st period - Snap shot by Curtis Lazar.
10:10 of 1st period - Shot Misses the Net.
10:12 of 1st period - Slapshot by Markus Nutivaara.
10:12 of 1st period - Stopped by Niklas Svedberg with a rebound.
10:14 of 1st period - Snap shot by Curtis Lazar.
10:14 of 1st period - Goal by Curtis Lazar - Carnivores : 0 - Monarchs : 3.
10:15 of 1st period - Scott Laughton wins face-off versus Jacob Josefson in neutral zone.
10:27 of 1st period - Minor Penalty to Scott Laughton for Hooking.
10:28 of 1st period - Mikko Rantanen wins face-off versus Anton Gustafsson in Carnivores zone.
10:54 of 1st period - Mat Clark is hit by Alex Iafallo and loses puck.
11:41 of 1st period - Snap shot by Mark McNeill.
11:41 of 1st period - Shot Misses the Net.
12:27 of 1st period - Penalty to Scott Laughton is over, Scott Laughton is back on ice.
13:13 of 1st period - Zach Werenski is hit by Hunter Shinkaruk and loses puck.
13:42 of 1st period - Freddie Hamilton is hit by Andy Andreoff and loses puck.
14:06 of 1st period - Icing by Josh Morrissey.
14:07 of 1st period - Curtis Lazar wins face-off versus Scott Laughton in Carnivores zone.
15:10 of 1st period - Snap shot by Nicolas Deslauriers.
15:10 of 1st period - Stopped by Alexandar Georgiev without a rebound.
15:11 of 1st period - Daultan Leveillé wins face-off versus Lucas Wallmark in Monarchs zone.
15:25 of 1st period - Minor Penalty to Brett Connolly for High sticking.
15:26 of 1st period - Anton Gustafsson wins face-off versus Mikko Rantanen in Carnivores zone.
15:30 of 1st period - Snap shot by JT Compher.
15:30 of 1st period - Stopped by Niklas Svedberg without a rebound.
15:31 of 1st period - Mikko Rantanen wins face-off versus Anton Gustafsson in Carnivores zone.
15:34 of 1st period - Wrist shot by Mikko Rantanen.
15:34 of 1st period - Shot Misses the Net.
15:36 of 1st period - Wrist shot by Mikko Rantanen.
15:36 of 1st period - Shot Misses the Net.
15:38 of 1st period - Snap shot by JT Compher.
15:38 of 1st period - Stopped by Niklas Svedberg without a rebound.
15:39 of 1st period - Anton Gustafsson wins face-off versus Mikko Rantanen in Carnivores zone.
15:39 of 1st period - Anton Gustafsson is hit by Christian Fischer.
15:51 of 1st period - Snap shot by Mikko Rantanen.
15:51 of 1st period - Shot Misses the Net.
15:53 of 1st period - Slapshot by Zach Werenski.
15:53 of 1st period - Stopped by Niklas Svedberg with a rebound.
15:55 of 1st period - Slapshot by Markus Nutivaara.
15:55 of 1st period - Shot Blocked by Anton Gustafsson.
16:12 of 1st period - Snap shot by Nicholas Baptiste.
16:12 of 1st period - Deflect By Lucas Wallmark.
16:12 of 1st period - Shot Blocked by Nicolas Deslauriers.
16:12 of 1st period - Puck is out of play.
16:13 of 1st period - Mikko Rantanen wins face-off versus Lucas Wallmark in Carnivores zone.
16:24 of 1st period - Wrist shot by JT Compher.
16:24 of 1st period - Shot Blocked by Nicolas Deslauriers.
16:26 of 1st period - Slapshot by Roman Josi.
16:26 of 1st period - Shot Blocked by Andreas Englund.
16:28 of 1st period - Snap shot by JT Compher.
16:28 of 1st period - Shot Misses the Net.
16:48 of 1st period - Snap shot by Daultan Leveillé.
16:48 of 1st period - Stopped by Niklas Svedberg without a rebound.
16:49 of 1st period - Anton Gustafsson wins face-off versus Mikko Rantanen in Carnivores zone.
17:14 of 1st period - Slapshot by Nicholas Baptiste.
17:14 of 1st period - Deflect By Alex Iafallo.
17:14 of 1st period - Shot Blocked by Josh Morrissey.
17:14 of 1st period - Puck is out of play.
17:15 of 1st period - Daultan Leveillé wins face-off versus Anton Gustafsson in Carnivores zone.
17:16 of 1st period - Wrist shot by Alex Iafallo.
17:16 of 1st period - Shot Misses the Net.
17:18 of 1st period - Wrist shot by Alex Iafallo.
17:18 of 1st period - Shot Blocked by Nicolas Kerdiles.
17:20 of 1st period - Wrist shot by Nicholas Baptiste.
17:20 of 1st period - Deflect By Daultan Leveillé.
17:20 of 1st period - Shot Blocked by T.J Brodie.
17:20 of 1st period - Puck is out of play.
17:21 of 1st period - Anton Gustafsson wins face-off versus Mikko Rantanen in Carnivores zone.
17:25 of 1st period - Penalty to Brett Connolly is over, Brett Connolly is back on ice.
17:36 of 1st period - Anton Gustafsson is hit by JT Compher and loses puck.
17:59 of 1st period - Snap shot by Blake Geoffrion.
17:59 of 1st period - Stopped by Alexandar Georgiev with a rebound.
18:31 of 1st period - Snap shot by Curtis Lazar.
18:31 of 1st period - Shot Blocked by Mat Clark.
18:33 of 1st period - Wrist shot by Curtis Lazar.
18:33 of 1st period - Stopped by Niklas Svedberg with a rebound.
18:35 of 1st period - Snap shot by Christian Fischer.
18:35 of 1st period - Stopped by Niklas Svedberg with a rebound.
18:37 of 1st period - Slapshot by Christian Fischer.
18:37 of 1st period - Stopped by Niklas Svedberg with a rebound.
18:59 of 1st period - Slapshot by Mark McNeill.
18:59 of 1st period - Shot Misses the Net.
19:19 of 1st period - Snap shot by Jordan Greenway.
19:19 of 1st period - Shot Blocked by Josh Morrissey.
19:32 of 1st period - Minor Penalty to Jacob Larsson for Boarding.
19:33 of 1st period - Nicolas Kerdiles wins face-off versus Benn Ferriero in Monarchs zone.
19:39 of 1st period - Wrist shot by Scott Laughton.
19:39 of 1st period - Stopped by Alexandar Georgiev with a rebound.
19:51 of 1st period - Slapshot by Chris Lawrence.
19:51 of 1st period - Stopped by Alexandar Georgiev with a rebound.
19:53 of 1st period - Slapshot by T.J Brodie.
19:53 of 1st period - Shot Misses the Net.
19:55 of 1st period - Slapshot by Travis Dermott.
19:55 of 1st period - Goal by Travis Dermott - Carnivores : 1 - Monarchs : 3.
19:56 of 1st period - Jacob Josefson wins face-off versus Scott Laughton in neutral zone.
19:59 of 1st period - Scott Laughton is hit by Nicholas Baptiste and loses puck.
Goals for this period are 1 for Carnivores vs 3 for Monarchs .
Shots for this period are 10 for Carnivores vs 12 for Monarchs .
2nd period
0:01 of 2nd period - Jacob Josefson wins face-off versus Scott Laughton in neutral zone.
0:04 of 2nd period - Wrist shot by Jacob Josefson.
0:04 of 2nd period - Shot Misses the Net.
0:06 of 2nd period - Snap shot by Nicholas Baptiste.
0:06 of 2nd period - Shot Misses the Net.
0:08 of 2nd period - Snap shot by Nicholas Baptiste.
0:08 of 2nd period - Goal by Nicholas Baptiste - Carnivores : 1 - Monarchs : 4.
0:08 of 2nd period - Tristan Jarry enters game.
0:09 of 2nd period - Scott Laughton wins face-off versus Jacob Josefson in neutral zone.
0:20 of 2nd period - Slapshot by Jacob Josefson.
0:20 of 2nd period - Stopped by Tristan Jarry with a rebound.
0:22 of 2nd period - Wrist shot by Markus Nutivaara.
0:22 of 2nd period - Stopped by Tristan Jarry without a rebound.
0:23 of 2nd period - Daultan Leveillé wins face-off versus Chris Lawrence in Carnivores zone.
0:26 of 2nd period - Snap shot by Alex Iafallo.
0:26 of 2nd period - Stopped by Tristan Jarry without a rebound.
0:27 of 2nd period - Daultan Leveillé wins face-off versus Markus Granlund in Carnivores zone.
0:30 of 2nd period - Wrist shot by Mikko Rantanen.
0:30 of 2nd period - Stopped by Tristan Jarry without a rebound.
0:31 of 2nd period - Markus Granlund wins face-off versus Daultan Leveillé in Carnivores zone.
0:46 of 2nd period - Wrist shot by Mikko Rantanen.
0:46 of 2nd period - Deflect By Alex Iafallo.
0:46 of 2nd period - Shot Blocked by Blake Geoffrion.
0:46 of 2nd period - Puck is out of play.
0:47 of 2nd period - Scott Laughton wins face-off versus Jacob Josefson in Carnivores zone.
1:13 of 2nd period - Josh Manson is hit by Blake Geoffrion and loses puck.
2:01 of 2nd period - Backhand shot by JT Compher.
2:01 of 2nd period - Stopped by Tristan Jarry with a rebound.
2:31 of 2nd period - Scott Laughton is hit by Daultan Leveillé.
2:37 of 2nd period - Wrist shot by Daultan Leveillé.
2:37 of 2nd period - Shot Misses the Net.
2:40 of 2nd period - Icing by Mattias Backman.
2:41 of 2nd period - Scott Laughton wins face-off versus Jacob Josefson in Carnivores zone.
3:00 of 2nd period - Snap shot by Nicolas Kerdiles.
3:00 of 2nd period - Shot Misses the Net.
3:06 of 2nd period - Nicholas Baptiste is hit by Nicolas Kerdiles and loses puck.
4:09 of 2nd period - Minor Penalty to Nicolas Kerdiles for Slashing.
4:10 of 2nd period - Mikko Rantanen wins face-off versus Lucas Wallmark in Carnivores zone.
4:22 of 2nd period - Wrist shot by Lucas Wallmark.
4:22 of 2nd period - Deflect By Nicolas Deslauriers.
4:22 of 2nd period - Shot Misses the Net.
4:22 of 2nd period - Puck is out of play.
4:23 of 2nd period - Lucas Wallmark wins face-off versus Mikko Rantanen in Monarchs zone.
4:26 of 2nd period - Slapshot by Josh Morrissey.
4:26 of 2nd period - Deflect By Nicolas Deslauriers.
4:26 of 2nd period - Stopped by Alexandar Georgiev with a rebound.
4:32 of 2nd period - Nicolas Deslauriers is hit by Curtis Lazar.
4:36 of 2nd period - Slapshot by Mat Clark.
4:36 of 2nd period - Deflect By Nicolas Deslauriers.
4:36 of 2nd period - Shot Misses the Net.
4:36 of 2nd period - Puck is out of play.
4:37 of 2nd period - Mikko Rantanen wins face-off versus Anton Gustafsson in Monarchs zone.
4:44 of 2nd period - Slapshot by JT Compher.
4:44 of 2nd period - Shot Misses the Net.
5:22 of 2nd period - Wrist shot by Daultan Leveillé.
5:22 of 2nd period - Goal by Daultan Leveillé - Carnivores : 1 - Monarchs : 5.
5:23 of 2nd period - Markus Granlund wins face-off versus Daultan Leveillé in neutral zone.
5:37 of 2nd period - Mikko Rantanen is hit by Chris Lawrence and loses puck.
6:19 of 2nd period - Snap shot by Anton Gustafsson.
6:19 of 2nd period - Stopped by Alexandar Georgiev with a rebound.
6:21 of 2nd period - Slapshot by Mat Clark.
6:21 of 2nd period - Stopped by Alexandar Georgiev with a rebound.
6:25 of 2nd period - Slapshot by Anton Gustafsson.
6:25 of 2nd period - Stopped by Alexandar Georgiev with a rebound.
9:32 of 2nd period - Alex Iafallo is hit by Josh Morrissey.
10:04 of 2nd period - Snap shot by Curtis Lazar.
10:04 of 2nd period - Shot Misses the Net.
10:06 of 2nd period - Snap shot by Christian Fischer.
10:06 of 2nd period - Shot Misses the Net.
10:08 of 2nd period - Snap shot by Andy Andreoff.
10:08 of 2nd period - Stopped by Tristan Jarry with a rebound.
11:05 of 2nd period - Icing by Mikko Rantanen.
11:06 of 2nd period - Lucas Wallmark wins face-off versus Curtis Lazar in Monarchs zone.
11:21 of 2nd period - Snap shot by Andy Andreoff.
11:21 of 2nd period - Shot Misses the Net.
11:32 of 2nd period - Minor Penalty to Daultan Leveillé for Tripping.
11:33 of 2nd period - Scott Laughton wins face-off versus Benn Ferriero in Monarchs zone.
11:44 of 2nd period - Snap shot by Scott Laughton.
11:44 of 2nd period - Stopped by Alexandar Georgiev without a rebound.
11:45 of 2nd period - Scott Laughton wins face-off versus Benn Ferriero in Monarchs zone.
11:49 of 2nd period - Wrist shot by Nicolas Kerdiles.
11:49 of 2nd period - Shot Misses the Net.
11:51 of 2nd period - Slapshot by Josh Morrissey.
11:51 of 2nd period - Shot Blocked by Roman Josi.
11:53 of 2nd period - Backhand shot by Scott Laughton.
11:53 of 2nd period - Stopped by Alexandar Georgiev with a rebound.
11:55 of 2nd period - Slapshot by Mat Clark.
11:55 of 2nd period - Shot Blocked by Josh Manson.
11:57 of 2nd period - Slapshot by Mat Clark.
11:57 of 2nd period - Shot Misses the Net.
11:59 of 2nd period - Snap shot by Nicolas Kerdiles.
11:59 of 2nd period - Stopped by Alexandar Georgiev with a rebound.
12:01 of 2nd period - Backhand shot by Josh Morrissey.
12:01 of 2nd period - Shot Misses the Net.
12:17 of 2nd period - Icing by Mat Clark.
12:18 of 2nd period - Benn Ferriero wins face-off versus Markus Granlund in Carnivores zone.
12:59 of 2nd period - Minor Penalty to Markus Granlund for Holding.
13:00 of 2nd period - Scott Laughton wins face-off versus JT Compher in Carnivores zone.
13:32 of 2nd period - Penalty to Daultan Leveillé is over, Daultan Leveillé is back on ice.
14:53 of 2nd period - Roman Josi is hit by Mark McNeill and loses puck.
14:59 of 2nd period - Penalty to Markus Granlund is over, Markus Granlund is back on ice.
15:53 of 2nd period - Wrist shot by Blake Geoffrion.
15:53 of 2nd period - Stopped by Alexandar Georgiev without a rebound.
15:54 of 2nd period - Teemu Hartikainen wins face-off versus Blake Geoffrion in Monarchs zone.
16:56 of 2nd period - Nicholas Baptiste is hit by Andreas Englund and loses puck.
17:45 of 2nd period - Slapshot by Josh Morrissey.
17:45 of 2nd period - Stopped by Alexandar Georgiev with a rebound.
17:47 of 2nd period - Snap shot by Josh Morrissey.
17:47 of 2nd period - Shot Misses the Net.
18:01 of 2nd period - Wrist shot by Andy Andreoff.
18:01 of 2nd period - Stopped by Tristan Jarry without a rebound.
18:02 of 2nd period - Curtis Lazar wins face-off versus Markus Granlund in Carnivores zone.
18:11 of 2nd period - Wrist shot by Christian Fischer.
18:11 of 2nd period - Shot Misses the Net.
18:35 of 2nd period - Wrist shot by Mikko Rantanen.
18:35 of 2nd period - Shot Misses the Net.
18:49 of 2nd period - Mikko Rantanen is hit by Joel Armia and loses puck.
19:02 of 2nd period - Backhand shot by Mikko Rantanen.
19:02 of 2nd period - Shot Misses the Net.
19:04 of 2nd period - Slapshot by Zach Werenski.
19:04 of 2nd period - Deflect By Mikko Rantanen.
19:04 of 2nd period - Stopped by Tristan Jarry with a rebound.
19:06 of 2nd period - Slapshot by Mikko Rantanen.
19:06 of 2nd period - Stopped by Tristan Jarry with a rebound.
19:08 of 2nd period - Snap shot by Daultan Leveillé.
19:08 of 2nd period - Shot Misses the Net.
19:10 of 2nd period - Snap shot by Daultan Leveillé.
19:10 of 2nd period - Stopped by Tristan Jarry with a rebound.
19:38 of 2nd period - Wrist shot by Alex Iafallo.
19:38 of 2nd period - Stopped by Tristan Jarry with a rebound.
19:40 of 2nd period - Snap shot by Mikko Rantanen.
19:40 of 2nd period - Stopped by Tristan Jarry without a rebound.
19:41 of 2nd period - Blake Geoffrion wins face-off versus Nicholas Baptiste in Carnivores zone.
Goals for this period are 0 for Carnivores vs 2 for Monarchs .
Shots for this period are 9 for Carnivores vs 14 for Monarchs .
3rd period
0:01 of 3rd period - Scott Laughton wins face-off versus Jacob Josefson in neutral zone.
0:30 of 3rd period - Wrist shot by Mikko Rantanen.
0:30 of 3rd period - Stopped by Tristan Jarry without a rebound.
0:31 of 3rd period - Markus Granlund wins face-off versus Daultan Leveillé in Carnivores zone.
1:05 of 3rd period - Slapshot by Joel Armia.
1:05 of 3rd period - Goal by Joel Armia - Carnivores : 2 - Monarchs : 5.
1:06 of 3rd period - Scott Laughton wins face-off versus Daultan Leveillé in neutral zone.
2:35 of 3rd period - Lucas Wallmark is hit by Teemu Hartikainen and loses puck.
2:42 of 3rd period - Snap shot by Jordan Greenway.
2:42 of 3rd period - Shot Misses the Net.
2:44 of 3rd period - Slapshot by Jeff Petry.
2:44 of 3rd period - Deflect By Jordan Greenway.
2:44 of 3rd period - Shot Misses the Net.
2:44 of 3rd period - Puck is out of play.
2:45 of 3rd period - Scott Laughton wins face-off versus Jacob Josefson in Carnivores zone.
2:45 of 3rd period - Scott Laughton is hit by Josh Manson.
3:28 of 3rd period - Icing by Blake Geoffrion.
3:29 of 3rd period - Curtis Lazar wins face-off versus Anton Gustafsson in Carnivores zone.
4:05 of 3rd period - Slapshot by Nicholas Baptiste.
4:05 of 3rd period - Shot Blocked by Travis Dermott.
4:41 of 3rd period - Snap shot by Teemu Hartikainen.
4:41 of 3rd period - Stopped by Tristan Jarry without a rebound.
4:42 of 3rd period - Lucas Wallmark wins face-off versus Teemu Hartikainen in Carnivores zone.
4:47 of 3rd period - Snap shot by Nicolas Deslauriers.
4:47 of 3rd period - Deflect By Lucas Wallmark.
4:47 of 3rd period - Stopped by Alexandar Georgiev without a rebound.
4:48 of 3rd period - Jacob Josefson wins face-off versus Scott Laughton in Monarchs zone.
5:42 of 3rd period - JT Compher is hit by Nicolas Deslauriers and loses puck.
5:51 of 3rd period - Jacob Josefson is hit by Nicolas Deslauriers and loses puck.
6:27 of 3rd period - Wrist shot by Scott Laughton.
6:27 of 3rd period - Stopped by Alexandar Georgiev without a rebound.
6:28 of 3rd period - Scott Laughton wins face-off versus Curtis Lazar in Monarchs zone.
6:53 of 3rd period - Slapshot by Zach Werenski.
6:53 of 3rd period - Shot Misses the Net.
7:22 of 3rd period - Icing by Zach Werenski.
7:23 of 3rd period - Markus Granlund wins face-off versus Curtis Lazar in Monarchs zone.
7:46 of 3rd period - Snap shot by Anton Gustafsson.
7:46 of 3rd period - Stopped by Alexandar Georgiev without a rebound.
7:47 of 3rd period - Daultan Leveillé wins face-off versus Anton Gustafsson in Monarchs zone.
7:47 of 3rd period - Daultan Leveillé is hit by Mark McNeill.
8:41 of 3rd period - Wrist shot by Travis Dermott.
8:41 of 3rd period - Stopped by Alexandar Georgiev with a rebound.
8:43 of 3rd period - Slapshot by T.J Brodie.
8:43 of 3rd period - Shot Blocked by Jeff Petry.
8:45 of 3rd period - Slapshot by T.J Brodie.
8:45 of 3rd period - Shot Misses the Net.
8:58 of 3rd period - Off-side.
8:59 of 3rd period - Daultan Leveillé wins face-off versus Scott Laughton in neutral zone.
9:04 of 3rd period - Snap shot by Mikko Rantanen.
9:04 of 3rd period - Stopped by Tristan Jarry without a rebound.
9:05 of 3rd period - Daultan Leveillé wins face-off versus Scott Laughton in Carnivores zone.
9:42 of 3rd period - Icing by JT Compher.
9:43 of 3rd period - Scott Laughton wins face-off versus Jacob Josefson in Monarchs zone.
10:20 of 3rd period - Wrist shot by Mark McNeill.
10:20 of 3rd period - Stopped by Alexandar Georgiev without a rebound.
10:21 of 3rd period - Daultan Leveillé wins face-off versus Scott Laughton in Monarchs zone.
10:36 of 3rd period - Wrist shot by Nicolas Kerdiles.
10:36 of 3rd period - Stopped by Alexandar Georgiev with a rebound.
10:46 of 3rd period - Markus Nutivaara is hit by Josh Morrissey and loses puck.
11:25 of 3rd period - Slapshot by Roman Josi.
11:25 of 3rd period - Deflect By Daultan Leveillé.
11:25 of 3rd period - Shot Misses the Net.
11:25 of 3rd period - Puck is out of play.
11:26 of 3rd period - Brett Connolly wins face-off versus Jacob Josefson in Carnivores zone.
11:42 of 3rd period - Wrist shot by Nicolas Deslauriers.
11:42 of 3rd period - Stopped by Alexandar Georgiev with a rebound.
12:08 of 3rd period - Icing by Christian Fischer.
12:09 of 3rd period - Markus Granlund wins face-off versus Teemu Hartikainen in Monarchs zone.
12:11 of 3rd period - Minor Penalty to Blake Geoffrion for Holding.
12:12 of 3rd period - Anton Gustafsson wins face-off versus JT Compher in Carnivores zone.
12:46 of 3rd period - Nicolas Deslauriers is hit by Daultan Leveillé and loses puck.
14:04 of 3rd period - Roman Josi is hit by Scott Laughton and loses puck.
14:11 of 3rd period - Penalty to Blake Geoffrion is over, Blake Geoffrion is back on ice.
14:17 of 3rd period - Snap shot by Teemu Hartikainen.
14:17 of 3rd period - Stopped by Tristan Jarry without a rebound.
14:18 of 3rd period - Blake Geoffrion wins face-off versus Teemu Hartikainen in Carnivores zone.
14:18 of 3rd period - Blake Geoffrion is hit by Josh Anderson.
14:26 of 3rd period - Wrist shot by Blake Geoffrion.
14:26 of 3rd period - Shot Hit the Post.
14:31 of 3rd period - Off-side.
14:32 of 3rd period - Teemu Hartikainen wins face-off versus Scott Laughton in neutral zone.
14:46 of 3rd period - Snap shot by Nicolas Kerdiles.
14:46 of 3rd period - Stopped by Alexandar Georgiev without a rebound.
14:47 of 3rd period - Markus Granlund wins face-off versus Daultan Leveillé in Monarchs zone.
15:02 of 3rd period - Snap shot by Markus Granlund.
15:02 of 3rd period - Shot Blocked by Zach Werenski.
15:14 of 3rd period - Mat Clark is hit by JT Compher.
15:20 of 3rd period - JT Compher is hit by Nicolas Kerdiles and loses puck.
16:03 of 3rd period - Slapshot by Nicolas Deslauriers.
16:03 of 3rd period - Shot Hit the Post.
16:05 of 3rd period - Slapshot by Nicolas Deslauriers.
16:05 of 3rd period - Stopped by Alexandar Georgiev with a rebound.
16:40 of 3rd period - Joel Armia is hit by Nicholas Baptiste and loses puck.
17:00 of 3rd period - Off-side.
17:01 of 3rd period - Anton Gustafsson wins face-off versus Curtis Lazar in neutral zone.
17:28 of 3rd period - Joel Armia is hit by Daultan Leveillé and loses puck.
17:57 of 3rd period - Wrist shot by Nicholas Baptiste.
17:57 of 3rd period - Stopped by Tristan Jarry with a rebound.
18:09 of 3rd period - Icing by T.J Brodie.
18:10 of 3rd period - Teemu Hartikainen wins face-off versus Anton Gustafsson in Carnivores zone.
18:13 of 3rd period - Snap shot by Teemu Hartikainen.
18:13 of 3rd period - Shot Blocked by Travis Dermott.
18:15 of 3rd period - Slapshot by Josh Manson.
18:15 of 3rd period - Stopped by Tristan Jarry without a rebound.
18:16 of 3rd period - Anton Gustafsson wins face-off versus Jordan Greenway in Carnivores zone.
18:35 of 3rd period - Mark McNeill is hit by Jordan Greenway and loses puck.
18:52 of 3rd period - Snap shot by Mark McNeill.
18:52 of 3rd period - Stopped by Alexandar Georgiev with a rebound.
18:54 of 3rd period - Snap shot by Mat Clark.
18:54 of 3rd period - Stopped by Alexandar Georgiev without a rebound.
18:55 of 3rd period - Scott Laughton wins face-off versus Daultan Leveillé in Monarchs zone.
19:02 of 3rd period - Slapshot by Joel Armia.
19:02 of 3rd period - Stopped by Alexandar Georgiev without a rebound.
19:03 of 3rd period - Scott Laughton wins face-off versus Daultan Leveillé in Monarchs zone.
19:12 of 3rd period - Snap shot by Scott Laughton.
19:12 of 3rd period - Shot Misses the Net.
19:14 of 3rd period - Slapshot by Travis Dermott.
19:14 of 3rd period - Deflect By Markus Nutivaara.
19:14 of 3rd period - Stopped by Alexandar Georgiev with a rebound.
19:16 of 3rd period - Snap shot by T.J Brodie.
19:16 of 3rd period - Stopped by Alexandar Georgiev with a rebound.
19:18 of 3rd period - Slapshot by T.J Brodie.
19:18 of 3rd period - Shot Blocked by Markus Nutivaara.
19:24 of 3rd period - Minor Penalty to Daultan Leveillé for Hooking.
19:25 of 3rd period - Benn Ferriero wins face-off versus Scott Laughton in Monarchs zone.
19:55 of 3rd period - Minor Penalty to Mat Clark for Hooking.
19:56 of 3rd period - Scott Laughton wins face-off versus JT Compher in Carnivores zone.
Goals for this period are 1 for Carnivores vs 0 for Monarchs .
Shots for this period are 15 for Carnivores vs 6 for Monarchs .